 Dungeon Crawl Stone Soup version 0.30-a0-618-gd6c86c23d0 (webtiles) character file.

Game seed: 12010955744436359020

1381 wormed the Changer (level 8, -5/61 HPs)
             Began as an Octopode Transmuter on Jan 10, 2023.
             Killed from afar by Maggie (37 damage)
             ... with a bolt of fire
             ... on level 6 of the Dungeon.
             The game lasted 00:08:44 (5605 turns).

wormed the Changer (Octopode Transmuter)            Turns: 5605, Time: 00:08:45

Health: -5/61      AC:  7    Str:  9    XL:     8   Next: 67%
Magic:  10/14      EV: 10    Int: 18    God:
Gold:   332        SH:  0    Dex: 12    Spells: 9/16 levels left

rFire   x . .      SeeInvis .      - Unarmed
rCold   + + +      Faith    .    (shield currently unavailable)
rNeg    . . .      Spirit   .    (helmet currently unavailable)
rPois   +          Reflect  .    g - amulet of regeneration
rElec   .          Harm     .    v - ring of wizardry
rCorr   .          Rampage  .    (no ring)
Will    .....                    (no ring)
Stlth   +                        (no ring)
HPRegen 1.10/turn                (no ring)
MPRegen 0.14/turn                (no ring)
                                 (no ring)
                                 (no ring)

@: ice-form, wereblooded, mesmerised
A: freezing attack, boosted hp, almost no armour, amphibious, 8 rings, large,
(camouflage 1), (gelatinous body 1), (nimble swimmer 1), (tentacles)
a: End Transformation


You were on level 6 of the Dungeon.
You were a creature of crystalline ice.
You visited 1 branch of the dungeon, and saw 6 of its levels.
You also visited: Sewer.

You collected 332 gold pieces.

Inventory:

Jewellery
 b - an amulet of magic regeneration
 d - a ring of magical power
 g - an amulet of regeneration (around neck)
 t - a ring of poison resistance
 v - a ring of wizardry (left front paw)
Wands
 n - a wand of polymorph (7)
Scrolls
 e - a scroll of identify
 j - 2 scrolls of teleportation
 k - 2 scrolls of brand weapon {unknown}
 l - 3 scrolls of magic mapping
 u - a scroll of enchant weapon
Potions
 a - 2 potions of lignification
 c - a potion of mutation
 f - a potion of cancellation
 h - a potion of haste
 i - 8 potions of might
 m - a potion of brilliance
 o - 4 potions of curing
 p - 4 potions of heal wounds {unknown}
 q - a potion of degeneration {unknown}
 r - a potion of magic {unknown}
 s - 3 potions of resistance {unknown}
 w - 3 potions of attraction {unknown}


   Skills:
 + Level 2.8 Fighting
 + Level 3.5 Dodging
 + Level 4.1 Unarmed Combat
 + Level 4.5 Spellcasting
 * Level 6.7 Transmutations
 - Level 4.0 Ice Magic


You had 9 spell levels left.
You knew the following spells:

 Your Spells              Type           Power      Damage    Failure   Level
a - Ice Form              Ice/Tmut       23%        N/A       6%          4
b - Wereblood             Tmut           28%        N/A       1%          2
z - Beastly Appendage     Tmut           56%        N/A       1%          1

Your spell library contained the following spells:

 Spells                   Type           Power      Damage    Failure   Level
 Frozen Ramparts          Ice            36%        1d6       3%          3
 Spider Form              Tmut/Pois      16%        N/A       4%          3
 Apportation              Tloc           8%         N/A       6%          1
 Summon Ice Beast         Ice/Summ       11%        N/A       24%         4
 Alistair's Intoxication  Tmut/Pois      10%        N/A       34%         5


Dungeon Overview and Level Annotations

Branches:
Dungeon (6/15)              Sewer (visited)
 Temple: D:4-7

Altars:
Ashenzari
Dithmenos
Elyvilon
Kikubaaqudgha
Nemelex Xobeh
Qazlal
Sif Muna
Wu Jian

Shops:
D:4 =

Annotations:
D:6 Maggie


Innate Abilities, Weirdness & Mutations

You are a creature of crystalline ice.
You have a powerful freezing melee attack.
Your maximum health is increased.
Your armour is entirely melded.
You are incapable of wielding weapons or throwing items.
You cannot wear most types of armour.
You are amphibious.
You can wear up to eight rings at the same time.
((Your skin changes colour to match your surroundings (Stealth+).))
((Your rubbery body absorbs attacks. (AC +1, EV +1)))
((You are camouflaged when in or above water. (Stealth+)))
((You have tentacles for arms and can constrict up to eight enemies at once.))


Message History

Confirm with . or Enter, or press ? or * to list all spells.
You turn into a creature of crystalline ice.
Maggie shouts!
Maggie zaps a wand.
The puff of flame hits you. The fire burns you terribly!
Casting: Ice Form (dangerous; 6% risk of failure)
Confirm with . or Enter, or press ? or * to list all spells.
Your blood is infused with primal strength.
Maggie zaps a wand.
The puff of flame misses you.
Maggie zaps a wand.
The puff of flame hits you! The fire burns you terribly!
There is an open door here.
There is a stone staircase leading down here.
Maggie misses you.
You completely miss Maggie. Maggie gestures at you while chanting.
The bolt of fire hits you!! The fire burns you terribly!
You punch Maggie! You freeze Maggie.
Maggie is moderately wounded.
Maggie gestures wildly while chanting.
Maggie attempts to bespell you!
You are mesmerised by Maggie!
You hit Maggie but do no damage.
Maggie is moderately wounded.
Maggie zaps a wand.
The puff of flame hits you. The fire burns you terribly!
You barely miss Maggie.
Maggie is moderately wounded.
Maggie mumbles the words to a spell, but in the wrong order.
Maggie hits you with a +0 morningstar of flaming.
Maggie melts you.
You punch Maggie! You freeze Maggie.
Maggie is heavily wounded.
You hit Maggie. You freeze Maggie.
Maggie is heavily wounded.
Maggie hits you with a +0 morningstar of flaming.
Maggie melts you.
You hit Maggie but do no damage.
Maggie is heavily wounded.
Maggie gestures at you while chanting. The bolt of fire hits you!!!
The fire burns you terribly!
Ouch! That really hurt!
You die...

.#. #.# #...# #.#. #.#
#...# ##+# #.#.##.# #...#
#...# #.#..#.# ##.## .....#
#.##.#.# #.### ......#
#.#..#.# #.##.
.......###......#######.#..
.......'l@............<....
.......###Y......#####.#...
......# #>#..##.# #...#.
.....# #)##.##.# ##.###
#...# #.##.##.# #.### ##+#
#.##.##.# #.... #.##.##.#
#..## #.......# #..##
####.#### #.... #.# ##...


You could see Maggie (mesmerising) and an iguana.

Vanquished Creatures
  Grinder (D:6)
  A sky beast (D:6)
  A black bear (D:5)
  A centaur (D:4)
  A phantom (D:5)
  A bullfrog (D:3)
  2 scorpions (D:5)
  2 jellies (D:5)
  2 hounds
  2 orc priests
  Jessica (D:2)
  Ijyb (D:4)
  2 iguanas
  3 orc wizards
  A hell rat (Sewer)
  Terence (D:2)
  3 gnolls (D:5)
  A river rat (Sewer)
  9 adders
  An ufetubus (D:5)
  3 worms
  4 dart slugs
  21 orcs
  11 ball pythons
  5 bats
  7 endoplasms
  6 giant cockroaches
  12 goblins
  10 hobgoblins
  4 jackals (D:2)
  5 kobolds
  3 quokkas
  3 frilled lizards
  8 rats
139 creatures vanquished.

Notes
Turn   | Place    | Note
-------+----------+-------------------------------------------
     0 | D:1      | wormed the Octopode Transmuter began the quest for the Orb.
     0 | D:1      | Reached XP level 1. HP: 13/13 MP: 3/3
   103 | D:1      | Reached XP level 2. HP: 17/18 MP: 3/5
   440 | D:1      | Found a faded altar of an unknown god.
   541 | D:1      | Reached skill level 1 in Ice Magic
   565 | D:1      | Reached XP level 3. HP: 16/23 MP: 4/6
   889 | D:2      | Reached skill level 3 in Transmutations
  1025 | D:2      | Reached XP level 4. HP: 28/28 MP: 5/7
  1065 | D:2      | Learned a level 4 spell: Ice Form
  1078 | D:2      | Learned a level 2 spell: Wereblood
  1197 | D:2      | Noticed Jessica
  1203 | D:2      | Killed Jessica
  1266 | D:2      | Identified the +7 mace of the Shallot {elec, *Corrode
                  | Dex+7}
  1282 | D:2      | Noticed Terence
  1290 | D:2      | Killed Terence
  1291 | D:2      | Reached XP level 5. HP: 33/33 MP: 5/9
  1737 | D:3      | Reached skill level 4 in Transmutations
  1864 | D:3      | Found a glowing drain.
  1873 | Sewer    | Entered a sewer
  1992 | Sewer    | Reached XP level 6. HP: 26/38 MP: 6/10
  2394 | D:3      | Found a sparkling altar of Nemelex Xobeh.
  2581 | D:3      | Found a shadowy altar of Dithmenos.
  2882 | D:4      | Reached skill level 5 in Transmutations
  3125 | D:4      | Noticed Ijyb
  3147 | D:4      | Killed Ijyb
  3148 | D:4      | Reached XP level 7. HP: 37/43 MP: 7/12
  3188 | D:4      | Found Virypred's Jewellery Shop.
  3430 | D:4      | Found a broken altar of Ashenzari.
  3643 | D:4      | Found a shimmering blue altar of Sif Muna.
  3766 | D:5      | Entered Level 5 of the Dungeon
  3766 | D:5      | Found an ornate altar of the Wu Jian Council.
  3885 | D:5      | Found an ancient bone altar of Kikubaaqudgha.
  4138 | D:5      | Reached XP level 8. HP: 50/50 MP: 7/14
  4139 | D:5      | Reached skill level 6 in Transmutations
  4146 | D:5      | Found a stormy altar of Qazlal.
  5021 | D:6      | Noticed Grinder
  5030 | D:6      | Paralysed by Grinder for 2 turns
  5041 | D:6      | Paralysed by Grinder for 5 turns
  5051 | D:6      | Killed Grinder
  5150 | D:6      | Identified the +6 leather armour of the Loofah {Will+
                  | Int+4}
  5528 | D:6      | Found a white marble altar of Elyvilon.
  5584 | D:6      | Identified the +7 mace of the Sixty-Six Prophets {freeze,
                  | *Noise rPois Str+2 SInv}
  5589 | D:6      | Noticed Maggie
  5605 | D:6      | Killed from afar by Maggie

Illustrated notes

Levels and vault maps discovered:
D:1:      reono_arrival_mine, layout_loops_cross,
          hellmonk_ecumenical_altar_prayer_group
D:2:      layout_basic, uniq_jessica, uniq_terence
D:3:      layout_rooms, marbit_many_paths, nemelex_spade_bored_becter,
          portal_sewer_entry_d, hangedman_decor_peaks_small,
          minmay_goblin_outpost
D:4:      layout_gridville, nicolae_sif_muna_little_library,
          mainiacjoe_overflow_paths, serial_shops, nicolae_shop_stone, uniq_ijyb
D:5:      layout_loops_ring, nicolae_qazlal_scattered_showers,
          overflow_temple_1_default, kennysheep_little_box, st_stairs_5
D:6:      layout_loops_corners, lemuel_coloured_pillars_altar, uniq_grinder,
          uniq_maggie, uniq_duvessa

Skill      XL: |  1  2  3  4  5  6  7  8 |
---------------+-------------------------+-----
Ice Magic      | 1 2 3 4 |  4.0
Transmutations | 3 4 5 6 |  6.7
Spellcasting   | 3 4 |  4.5
Fighting       | 2 |  2.8
Dodging        | 3 |  3.5
Unarmed Combat | 4 |  4.1

Action                   |  1- 3 |  4- 6 |  7- 9 || total
-------------------------+-------+-------+-------++-------
Melee: Unarmed           |    71 |   140 |   125 ||   336
       Kick              |    22 |    20 |       ||    42
       Constrict         |    24 |    22 |     2 ||    48
       Tentacles         |    10 |    19 |     3 ||    32
       Punch             |     1 |       |       ||     1
 Cast: Beastly Appendage |    19 |    18 |       ||    37
       Wereblood         |       |    18 |    10 ||    28
       Ice Form          |       |    12 |    18 ||    30
  Use: Scroll            |     3 |     6 |     6 ||    15
       Potion            |       |       |     2 ||     2
 Stab: Sleeping          |    12 |     1 |       ||    13
       Confused          |       |     1 |       ||     1
Armor: Skin              |     4 |    33 |    31 ||    68
Dodge: Dodged            |    41 |   101 |    59 ||   201

Table legend: (Time is in decaauts)
 A = Elapsed time spent in this place.
 B = Non-inter-level travel time spent in this place.
 C = Inter-level travel time spent in this place.
 D = Time resting spent in this place.
 E = Time spent auto-exploring this place.
 F = Levels seen in this place.
 G = Mean time per level.
                   A        B        C        D        E       F      G
               +--------+--------+--------+--------+--------+-----+--------+
         Total |   5573 |   5475 |     98 |    231 |   4220 |   7 |  796.1 |
       Dungeon |   5255 |   5157 |     98 |    100 |   4096 |   6 |  875.8 |
         Sewer |    317 |    317 |      0 |    131 |    124 |   1 |  317.0 |
               +--------+--------+--------+--------+--------+-----+--------+

Top non-repeatable levels by time:
     D:4: 1170 daAuts
     D:5: 1054 daAuts
     D:1: 869 daAuts
     D:6: 768 daAuts
     D:3: 720 daAuts
     D:2: 671 daAuts
   Sewer: 317 daAuts
